 Dungeon Crawl Stone Soup version 0.30-a0-137-gd8773701ce (webtiles) character file.

Game seed: 1929526672689352349

175 blackman the Slasher (level 5, -1/43 HPs)
             Began as a Human Monk on Sept 22, 2022.
             Was a Priest of Zin.
             Slain by a gnoll
             ... wielding a +0 club
              (3 damage)
             ... on level 2 of the Dungeon.
             The game lasted 00:03:40 (2615 turns).

blackman the Slasher (Human Monk)                   Turns: 2615, Time: 00:03:41

Health: -1/43      AC:  3    Str: 11    XL:     5   Next: 85%
Magic:  5/5        EV: 13    Int: 11    God:    Zin [***...]
Gold:   105        SH:  0    Dex: 17    Spells: 4/4 levels left

rFire   . . .      SeeInvis .    r - +2 whip (elec)
rCold   . . .      Faith    .    (no shield)
rNeg    . . .      Spirit   .    b - +0 robe
rPois   .          Reflect  .    (no helmet)
rElec   .          Harm     .    (no cloak)
rCorr   .          Rampage  .    h - +0 pair of gloves
Will    .....                    (no boots)
Stlth   ++........               (no amulet)
HPRegen 0.14/turn                (no ring)
MPRegen 0.09/turn                (no ring)

@: no status effects
A: no striking features
a: Renounce Religion, Recite, Vitalisation, Imprison, Donate Gold


You were on level 2 of the Dungeon.
You worshipped Zin.
Zin was most pleased with you.
You visited 1 branch of the dungeon, and saw 3 of its levels.

You collected 116 gold pieces.
You donated 11 gold pieces to Zin.

Inventory:

Hand Weapons
 a - a +0 falchion
 r - a +2 whip of electrocution (weapon)
   (You took it off a kobold on level 2 of the Dungeon)
Missiles
 j - 2 poisoned darts (quivered)
 n - 9 boomerangs
Armour
 b - a +0 robe (worn)
 h - a +0 pair of gloves (worn)
   (You found it on level 1 of the Dungeon)
Scrolls
 d - 5 scrolls of identify {unknown}
 f - a scroll of summoning {unknown}
 i - a scroll of fear {unknown}
 k - a scroll of amnesia {unknown}
 m - a scroll of brand weapon {unknown}
 p - a scroll of noise {unknown}
 s - a scroll of vulnerability {unknown}
Potions
 c - a potion of ambrosia
 e - 2 potions of heal wounds {unknown}
 g - a potion of might {unknown}
 l - 3 potions of curing {unknown}
 o - a potion of haste {unknown}
 q - 2 potions of mutation {unknown}


   Skills:
 * Level 4.4 Fighting
 - Level 5.0 Long Blades
 - Level 3.0 Dodging
 - Level 2.0 Stealth


You had 4 spell levels left.
You didn't know any spells.
Your spell library contained the following spells:

 Spells                   Type           Power      Damage    Failure   Level
 Gell's Gravitas          Tloc           0%         N/A       71%         3
 Teleport Other           Tloc           0%         N/A       71%         3
 Dispersal                Tloc           0%         N/A       100%        6
 Disjunction              Tloc           0%         N/A       100%        8


Dungeon Overview and Level Annotations

Branches:
Dungeon (3/15)

Altars:
Zin


Message History

The gnoll hits you from afar with a +0 spear.
There is a stone staircase leading up here.
The gnoll barely misses you. x2; The gnoll misses you.
You climb upwards.
There is a stone staircase leading down here.
You barely miss the gnoll. The gnoll barely misses you. x2
You hit the gnoll.
The gnoll is lightly wounded.
The gnoll closely misses you. The gnoll hits you with a +0 club.
You hit the gnoll.
The gnoll is heavily wounded.
The gnoll closely misses you. x2
You barely miss the gnoll.
The gnoll is heavily wounded.
The gnoll hits you with a +0 club. The gnoll barely misses you.
You hit the gnoll. Lightning courses through the gnoll!
You kill the gnoll!
The gnoll hits you with a +0 club. x2
You closely miss the gnoll. The gnoll barely misses you.
You hit the gnoll.
The gnoll is lightly wounded.
The gnoll misses you.
You closely miss the gnoll.
The gnoll is lightly wounded.
The gnoll hits you with a +0 club!
You closely miss the gnoll.
The gnoll is lightly wounded.
The gnoll hits you with a +0 club.
You hit the gnoll.
The gnoll is heavily wounded.
The gnoll hits you with a +0 club!
* * * LOW HITPOINT WARNING * * *
You barely miss the gnoll.
The gnoll is heavily wounded.
The gnoll hits you with a +0 club!
* * * LOW HITPOINT WARNING * * *
You hit the gnoll.
The gnoll is heavily wounded.
The gnoll hits you with a +0 club.
You die...

..†......## #...# ######
..........# #...###########..)..
..........####>...†........†.####
.............#...#############
.........###.....#
...##......##....#
#####.......#...## ##
#.........#.g### #.
#.........#..@.###### #.
#.............).....# ###.
#...................#######...
#...................##......##
##..........^.<...............
#.....................########
#.........##.+###.###'...#
#.........####..###..###.###
#.........# #...8...# #...###


You could see a gnoll.

Vanquished Creatures
  2 jellies (D:2)
  2 gnolls
  2 adders (D:2)
  3 dart slugs
  17 endoplasms
  3 giant cockroaches (D:2)
  4 goblins
  A hobgoblin (D:1)
  10 kobolds
  5 quokkas
  7 ball pythons
  3 bats
  4 frilled lizards
  7 rats
70 creatures vanquished.

Vanquished Creatures (others)
  A fungus (D:2)
  7 toadstools (D:2)
8 creatures vanquished.

Grand Total: 78 creatures vanquished

Notes
Turn   | Place    | Note
-------+----------+-------------------------------------------
     0 | D:1      | blackman the Human Monk began the quest for the Orb.
     0 | D:1      | Reached XP level 1. HP: 18/18 MP: 1/1
     2 | D:1      | You fall into a shaft and drop 1 floor!
   168 | D:1      | Reached XP level 2. HP: 20/24 MP: 2/2
   518 | D:1      | Reached skill level 4 in Long Blades
   518 | D:1      | Reached XP level 3. HP: 17/29 MP: 3/3
  1603 | D:2      | Reached XP level 4. HP: 35/35 MP: 4/4
  1615 | D:2      | Found a faded altar of an unknown god.
  1622 | D:2      | Prayed at the altar of an unknown god.
  1622 | D:2      | Became a worshipper of Zin the Law-Giver
  1622 | D:2      | Reached * piety under Zin
  1622 | D:2      | Reached ** piety under Zin
  1622 | D:2      | Reached *** piety under Zin
  1734 | D:2      | Reached skill level 5 in Long Blades
  2233 | D:2      | Reached XP level 5. HP: 39/41 MP: 5/5
  2614 | D:2      | HP: 2/43 [gnoll/+0 club (7)]
  2615 | D:2      | Slain by a gnoll

Illustrated notes

Levels and vault maps discovered:
D:1:      wander_arrival_lonely_grave, layout_basic
D:2:      cheibrodos_fertilizer, layout_rooms,
          hellmonk_ecumenical_altar_slurped_away
D:3:      layout_rooms, serial_shops, nicolae_diamond_shop, uniq_natasha,
          uniq_terence

Skill      XL: |  1  2  3  4  5 |
---------------+----------------+-----
Long Blades    | 4 5 |  5.0
Fighting       | 4 |  4.4
Dodging        | |  3.0
Stealth        | |  2.0

Action                   |  1- 3 |  4- 6 || total
-------------------------+-------+-------++-------
Melee: Falchion          |    70 |    25 ||    95
       Whip              |       |    62 ||    62
       Punch             |       |     1 ||     1
 Stab: Sleeping          |     6 |     6 ||    12
Armor: Robe              |    15 |    13 ||    28
Dodge: Dodged            |    43 |    49 ||    92

Table legend: (Time is in decaauts)
 A = Elapsed time spent in this place.
 B = Non-inter-level travel time spent in this place.
 C = Inter-level travel time spent in this place.
 D = Time resting spent in this place.
 E = Time spent auto-exploring this place.
 F = Levels seen in this place.
 G = Mean time per level.
                   A        B        C        D        E       F      G
               +--------+--------+--------+--------+--------+-----+--------+
         Total |   2629 |   2569 |     60 |      8 |   2161 |   3 |  876.3 |
       Dungeon |   2629 |   2569 |     60 |      8 |   2161 |   3 |  876.3 |
               +--------+--------+--------+--------+--------+-----+--------+

Top non-repeatable levels by time:
     D:1: 1505 daAuts
     D:2: 1119 daAuts
     D:3: 4 daAuts
